 Dungeon Crawl Stone Soup version 0.27.0-1-g7a089689b8 (webtiles) character file.

Game seed: 4492456011858960518

53 snetch the Chopper (level 3, -1/34 HPs)
             Began as a Minotaur Berserker on Aug 4, 2021.
             Was a Believer of Trog.
             Slain by a kobold (13 damage)
             ... on level 1 of the Dungeon.
             The game lasted 00:01:59 (1020 turns).

snetch the Chopper (Minotaur Berserker)             Turns: 1020, Time: 00:02:00

Health: -1/34      AC:  7    Str: 22    XL:     3   Next: 64%
Magic:  2/2        EV:  9    Int:  4    God:    Trog [**....]
Gold:   80         SH:  7    Dex:  9    Spells: 2/2 levels left

rFire    . . .     SeeInvis .   a - +0 hand axe
rCold    . . .     Faith    .   h - +0 kite shield
rNeg     . . .     Spirit   .   f - +0 leather armour
rPois    .         Reflect  .   (helmet restricted)
rElec    .         Harm     .   (no cloak)
rCorr    .         Rampage  .   (no gloves)
Will     .....                  (no boots)
Stlth    +.........             (no amulet)
HPRegen  0.11/turn              i - +4 ring of protection
MPRegen  0.08/turn              (no ring)

@: no status effects
A: horns 2, retaliatory headbutt
a: Renounce Religion, Berserk, Trog's Hand


You were on level 1 of the Dungeon.
You worshipped Trog.
Trog was pleased with you.
You visited 1 branch of the dungeon, and saw 3 of its levels.

You collected 80 gold pieces.

Inventory:

Hand Weapons
 a - a +0 hand axe (weapon)
Missiles
 d - 31 stones (quivered)
 e - 8 poisoned darts
Armour
 b - a +0 animal skin
 f - a +0 leather armour (worn)
 h - a +0 kite shield (worn)
Jewellery
 i - a +4 ring of protection (left hand)
Scrolls
 l - a scroll of identify {unknown}
 m - a scroll of teleportation {unknown}
 n - a scroll of silence {unknown}
Potions
 c - 4 potions of haste {unknown}
 g - a potion of heal wounds {unknown}
 j - a potion of flight {unknown}
 k - 2 potions of invisibility {unknown}


   Skills:
 + Level 4.4 Fighting
 + Level 4.5 Axes
 + Level 2.7 Armour
 + Level 2.5 Dodging
 + Level 0.7 Shields


You had 2 spell levels left.
You didn't know any spells.
Your spell library was empty.

Dungeon Overview and Level Annotations

Branches:
Dungeon (3/15)

Altars:


Innate Abilities, Weirdness & Mutations

You have a pair of horns on your head.
You reflexively headbutt those who attack you in melee.


Message History

The giant cockroach bites you but does no damage.
You hit the giant cockroach but do no damage.
You headbutt the giant cockroach.
The giant cockroach is almost dead.
The giant cockroach misses you.
The giant cockroach bites you but does no damage.
You hit the giant cockroach but do no damage.
The giant cockroach is almost dead.
The giant cockroach closely misses you.
You slash the giant cockroach!
You kill the giant cockroach!
Trog accepts your kill.
You see here a giant cockroach corpse.
n - a scroll labelled GEGREPRUCW A hobgoblin comes into view.
You closely miss the hobgoblin.
You headbutt the hobgoblin, but do no damage.
You block the hobgoblin's attack. The hobgoblin barely misses you.
You closely miss the hobgoblin. You headbutt the hobgoblin.
You kill the hobgoblin!
Trog accepts your kill.
You see here a hobgoblin corpse.
An endoplasm comes into view.
The endoplasm quivers.
You barely miss the endoplasm. You headbutt the endoplasm.
You kill the endoplasm!
Trog accepts your kill.
c - 4 puce potions (gained 1)
A kobold comes into view.
It is wielding a +0 short sword of electrocution.
The kobold shouts!
You block the kobold's attack.
You hit the kobold.
The kobold is severely wounded.
The kobold hits you but does no damage.
You are electrocuted!!
Ouch! That really hurt!
Your shield prevents you from hitting the kobold.
The kobold is severely wounded.
The kobold hits you with a +0 short sword of electrocution.
You are electrocuted!
You die...

# # ######### #
#.......#
#.#####.########
###.#####.##......
#......##.##....†.
#.#...............
#@#.......#.......
#K##...#.##.......
#.##.....##.......
..##..##.##.......
####........###.##
#.....#### #...
###.....# #.##
#.....####.##
#............


You could see a kobold.

Vanquished Creatures
  An adder (D:3)
  A worm (D:3)
  2 dart slugs (D:1)
  2 bats (D:1)
  7 endoplasms (D:1)
  2 giant cockroaches (D:1)
  3 goblins
  4 hobgoblins (D:1)
  2 jackals (D:1)
  A quokka (D:1)
  2 ball pythons
  2 frilled lizards
  6 rats
35 creatures vanquished.

Notes
Turn   | Place    | Note
-------+----------+-------------------------------------------
     0 | D:1      | snetch the Minotaur Berserker began the quest for the Orb.
     0 | D:1      | Reached XP level 1. HP: 19/19 MP: 0/0
   131 | D:1      | Reached XP level 2. HP: 22/27 MP: 1/1
   414 | D:3      | Reached XP level 3. HP: 30/33 MP: 2/2
   579 | D:1      | Found a faded altar of an unknown god.
   756 | D:1      | Reached ** piety under Trog
  1020 | D:1      | Slain by a kobold

Illustrated notes

Levels and vault maps discovered:
D:1:      pf_arrival_petrified_forest, layout_loops_cross,
          dreamdust_ecumenical_altar_statues, minmay_three_crescents
D:2:      layout_basic, uniq_natasha, uniq_robin
D:3:      layout_rooms, hellmonk_ghost_happy_afterlife

Skill      XL: |  1  2 |
---------------+-------+-----
Axes           | 4 |  4.5
Fighting       | 4 |  4.4
Armour         | |  2.7
Dodging        | |  2.5
Shields        | |  0.7

Action                   || total
-------------------------++-------
Melee: Hand axe          ||    70
       Headbutt          ||    14
Armor: Animal skin       ||     1
       Leather armour    ||    24
Dodge: Dodged            ||    34
Block: Kite shield       ||    16
